 Dungeon Crawl Stone Soup version 0.22-a0-398-g8bb545f (webtiles) character file.

129875 iamserjio the Eclecticist (level 16, -9/102 HPs)
             Began as a Deep Elf Wizard on May 3, 2018.
             Was a High Priest of Vehumet.
             Mangled by a balrug
             ... wielding a +0 demon whip
              (10 damage)
             ... on level 4 of the Depths on May 4, 2018.
             The game lasted 03:05:59 (31808 turns).

iamserjio the Eclecticist (Deep Elf Wizard)        Turns: 31808, Time: 03:06:00

Health: -9/102     AC: 11    Str:  4    XL:     16   Next: 51%
Magic:  10/47      EV: 18    Int: 31    God:    Vehumet [*****.]
Gold:   482        SH:  9    Dex: 13    Spells: 5/48 levels left

rFire    + . .     SeeInvis +   w - staff of conjuration
rCold    + . .     Gourm    .   u - +0 buckler
rNeg     . . .     Faith    .   R - +0 robe {rF+}
rPois    .         Spirit   .   O - +2 helmet {SInv}
rElec    .         Reflect  +   r - +1 cloak
rCorr    .         Harm     .   P - +2 pair of gloves
MR       +....                  g - +0 pair of boots
Stlth    ++........             v - +4 amulet of reflection
HPRegen  0.27/turn              Z - ring of magical power
MPRegen  0.30/turn              Q - ring of protection from cold

@: flying (expiring), very slightly contaminated
A: screaming 1
a: Renounce Religion


You were on level 4 of the Depths.
You worshipped Vehumet.
Vehumet was extremely pleased with you.
You were not hungry.

You visited 3 branches of the dungeon, and saw 20 of its levels.

You collected 1157 gold pieces.
You spent 675 gold pieces at shops.

Inventory:

Hand Weapons
 h - a +4 dagger of venom
Armour
 g - a +0 pair of boots (worn)
 i - a +1 leather armour of poison resistance
 r - a +1 cloak (worn)
 t - a +2 ring mail of cold resistance
 u - a +0 buckler (worn)
 O - a +2 helmet of see invisible (worn)
 P - a +2 pair of gloves (worn)
 R - a +0 robe of fire resistance (worn)
 Y - a +2 scale mail of positive energy
Magical Staves
 w - an uncursed staff of conjuration (weapon)
 D - an uncursed staff of fire
 U - an uncursed staff of power
Jewellery
 c - an uncursed ring of resist corrosion
 k - an uncursed ring of protection from cold
 v - a +4 amulet of reflection (around neck)
 A - an uncursed ring of protection from magic
 C - an uncursed amulet of the gourmand {unknown}
 M - an uncursed amulet of guardian spirit
 N - an uncursed ring of positive energy
 Q - a ring of protection from cold (right hand)
 S - a +3 ring of intelligence
 X - an uncursed amulet of the acrobat {unknown}
 Z - a ring of magical power (left hand)
Wands
 a - a wand of paralysis (13)
 x - a wand of disintegration (18)
 G - a wand of acid (17)
 K - a wand of iceblast (13)
Scrolls
 e - 2 scrolls of fog
 p - 11 scrolls of remove curse
 q - 5 scrolls of fear
 s - 4 scrolls of immolation
 E - a scroll of amnesia
 J - a scroll of blinking
 V - 3 scrolls of vulnerability
Potions
 f - 2 potions of resistance
 j - a potion of curing
 l - a potion of invisibility
 m - 2 potions of brilliance
 n - a potion of flight
 z - 2 potions of berserk rage {unknown}
 B - 3 potions of lignification
 F - 3 potions of mutation {unknown}
 T - a potion of cancellation {unknown}
Miscellaneous
 b - a phial of floods (inert)
 I - a lamp of fire (inert)
 L - a fan of gales
Comestibles
 d - 23 rations
 o - 8 chunks of flesh


   Skills:
 + Level 12.3 Fighting
 - Level 10.0 Dodging
 - Level 2.4 Stealth
 - Level 4.0 Shields
 + Level 16.5 Spellcasting
 * Level 15.9 Conjurations
 - Level 5.5 Summonings
 - Level 1.1 Translocations
 + Level 14.3 Fire Magic
 - Level 5.1 Earth Magic


You had 5 spell levels left.
You knew the following spells:

 Your Spells              Type           Power        Failure   Level  Hunger
a - Orb of Destruction    Conj           ########..   1%          7    ####...
b - Iskenderun's Mystic   Conj           ########     1%          4    None
c - Blink                 Tloc           N/A          1%          2    None
d - Summon Butterflies    Summ           ######..     1%          1    None
e - Bolt of Fire          Conj/Fire      ########..   1%          6    ##.....
f - Bolt of Magma         Conj/Fire/Erth #######...   1%          5    None
h - Iron Shot             Conj/Erth      #######...   1%          6    ##.....
i - Fireball              Conj/Fire      ########..   1%          5    None
j - Spellforged Servitor  Conj/Summ      #######...   4%          7    ####...


Dungeon Overview and Level Annotations

Branches:
Dungeon (15/15)            Temple (1/1) D:6            Lair (0/6) D:9
    Orc (0/2) D:9          Vaults (0/5) D:14         Depths (4/5) D:15

Altars:
Ashenzari
Gozag
Hepliaklqana
Kikubaaqudgha
Makhleb
Qazlal
Sif Muna
Trog
Uskayaw
Vehumet
Wu Jian
Xom
Yredelemnul
Zin

Shops:
D:14 [[((   Depths:2 =

Portals:
Hell: Depths:1 Depths:2 Depths:4
Abyss: Depths:2
Ziggurat: Depths:4

Annotations:
Depths:3 Mennas


Innate Abilities, Weirdness & Mutations

You occasionally shout uncontrollably at your foes.


Message History

g - Guard the area. f - Follow me.
Anything else - Cancel.
Follow me!
Your resistance to elements expires.
Really fly into that cloud of poison gas? [Y]es or [N]o only, please.
Really fly into that cloud of poison gas?
Okay, then.
Really fly into that cloud of poison gas?
Okay, then.
There is a fountain of clear blue water here.
You are starting to lose your buoyancy.
You enter a teleport trap!
The teleport trap disappears.
Your surroundings suddenly seem different.
A balrug and 2 sun demons come into view.
The sun demon shouts!
The balrug shouts!
The sun demon shouts!
The balrug hits you with a demon whip!!
* * * LOW HITPOINT WARNING * * *
You are engulfed in flames!
You resist.
You die...

######
#)..≈#
#[3..###.
#@2|$....
#..3÷##..
#[.÷÷#
######


You could see a balrug and 2 sun demons.

Vanquished Creatures
  2 golden dragons (Depths:4)
  2 titans (Depths:2)
  A tengu reaver (Depths:4)
  The ghost of iamserjio the Devastator, a journeyman BaWz of Vehumet (Depths:2)
  A fire giant (Depths:4)
  2 very ugly things
  A spriggan defender (Depths:2)
  2 stone giants (Depths:2)
  A deep elf demonologist (Depths:2)
  A vampire knight (Depths:4)
  2 spark wasps (Depths:2)
  6 ettins
  5 fire dragons
  3 ogre magi
  2 ice dragons (Depths:1)
  3 great orbs of eyes
  Harold (D:12)
  2 rakshasas
  A yaktaur captain (Depths:2)
  4 centaur warriors
  A spriggan air mage (Depths:2)
  17 two-headed ogres
  A tengu warrior (Depths:2)
  4 deep troll earth magi
  5 deep troll shamans
  Sonja (D:10)
  Nergalle (D:12)
  Urug (D:11)
  3 hell knights
  13 deep trolls
  A death drake (shapeshifter) (D:15)
  An unseen horror (D:14)
  2 wizards (D:14)
  A glowing orange brain (Depths:3)
  An orc knight (D:12)
  4 necromancers
  A wolf spider (D:15)
  2 deep elf magi (D:13)
  Maurice (D:8)
  2 cyclopes
  10 ugly things
  3 manticores (D:12)
  A salamander (D:15)
  A black mamba (shapeshifter) (D:15)
  A moth of wrath (shapeshifter) (D:12)
  4 spectral swamp worms (Depths:1)
  A gargoyle (D:14)
  6 kobold demonologists
  A redback zombie (D:15)
  An efreet (D:14)
  A komodo dragon (D:14)
  4 yaktaurs
  2 freezing wraiths (D:15)
  7 trolls
  A hornet (D:12)
  A merfolk (shapeshifter) (Depths:1)
  A raiju (shapeshifter) (D:14)
  4 hippogriffs
  7 slime creatures
  A spriggan zombie (Depths:2)
  A dream sheep (shapeshifter) (D:15)
  7 wyverns
  A vampire (D:11)
  A wraith (D:15)
  27 yaks
  2 basilisks (D:13)
  A shadow (D:12)
  A hungry ghost (D:7)
  An elf simulacrum (Depths:2)
  3 vampire mosquitoes (D:14)
  A human zombie (Depths:2)
  A warg (Depths:2)
  An acid dragon (D:15)
  2 floating eyes (Depths:2)
  A black bear (shapeshifter) (Depths:1)
  9 orc warriors
  4 ice beasts
  3 phantoms
  A black bear (D:9)
  12 ogres
  8 sky beasts
  4 boggarts (Depths:2)
  2 wolves (D:9)
  9 centaurs
  2 big kobolds
  A wyvern zombie (D:13)
  13 bullfrogs
  3 gnoll sergeants
  3 scorpions
  9 wights
  An electric eel (D:9)
  3 howler monkeys (D:11)
  2 centaur zombies
  6 crimson imps
  7 centaur skeletons
  A quasit (D:13)
  8 orc priests
  4 bullfrog zombies
  A jelly (D:6)
  Crazy Yiuf (D:3)
  11 hounds
  10 orc wizards
  4 bullfrog skeletons
  Terence (D:3)
  5 iguanas
  13 worker ants
  A hound zombie (D:6)
  A howler monkey zombie (D:8)
  15 gnolls
  A howler monkey skeleton (D:7)
  8 adders
  2 shadow imps (D:5)
  An ooze (D:6)
  An ooze (shapeshifter) (Depths:1)
  2 adder skeletons
  A worm (shapeshifter) (D:14)
  5 worms
  3 dart slugs
  6 leopard geckos
  32 orcs
  6 bats
  3 giant cockroaches (D:1)
  6 goblins
  6 hobgoblins
  9 jackals
  5 quokkas
  5 frilled lizards
  A jackal zombie (D:4)
  14 kobolds
  A quokka skeleton (D:6)
  A quokka zombie (D:5)
  6 rats
518 creatures vanquished.

Vanquished Creatures (collateral kills)
  Saint Roka (Depths:2)
  Asterion (Depths:2)
  A sphinx (Depths:1)
  A tengu reaver (Depths:2)
  3 frost giants
  A very ugly thing (Depths:2)
  2 stone giants
  A vampire knight (Depths:1)
  A deep elf demonologist (Depths:4)
  2 spark wasps (Depths:2)
  2 ettins
  2 great orbs of eyes
  An ogre mage (Depths:1)
  2 fire dragons (Depths:1)
  An ice dragon (Depths:1)
  A centaur warrior (Depths:1)
  A rakshasa (Depths:1)
  3 deep troll shamans
  2 deep troll earth magi (Depths:1)
  3 two-headed ogres (Depths:1)
  A spriggan berserker (Depths:4)
  4 deep trolls
  A glowing orange brain (Depths:1)
  A spark wasp zombie (Depths:2)
  8 ugly things
  A cyclops (shapeshifter) (Depths:1)
  A spectral swamp worm (Depths:1)
  2 yaktaurs
  A tengu conjurer (Depths:2)
  2 slime creatures (Depths:1)
  A water elemental (Depths:1)
  A human (D:4)
  A warg (Depths:2)
  An orc warrior (Depths:2)
  2 ogres (Depths:1)
  A frilled lizard (shapeshifter) (Depths:1)
61 creatures vanquished.

Vanquished Creatures (others)
  2 stone giants (Depths:2)
  A deep troll earth mage (Depths:4)
  An orc (D:7)
4 creatures vanquished.

Grand Total: 583 creatures vanquished

Notes
Turn   | Place    | Note
-------+----------+-------------------------------------------
     0 | D:1      | iamserjio the Deep Elf Wizard began the quest for the Orb.
     0 | D:1      | Reached XP level 1. HP: 10/10 MP: 7/7
   127 | D:1      | Reached XP level 2. HP: 8/15 MP: 1/9
   275 | D:1      | Learned a level 2 spell: Call Imp
   278 | D:1      | Learned a level 2 spell: Blink
   955 | D:1      | Reached XP level 3. HP: 19/19 MP: 8/11
  1020 | D:1      | Reached skill level 5 in Spellcasting
  1194 | D:1      | Learned a level 3 spell: Conjure Flame
  1198 | D:1      | Learned a level 3 spell: Mephitic Cloud
  2169 | D:2      | Reached XP level 4. HP: 21/24 MP: 8/13
  2260 | D:3      | Noticed Terence
  2293 | D:3      | Killed Terence
  2293 | D:3      | Reached skill level 1 in Fire Magic
  3098 | D:3      | Found a runed door.
  3102 | D:3      | Noticed Crazy Yiuf
  3109 | D:3      | Killed Crazy Yiuf
  3767 | D:4      | Reached XP level 5. HP: 11/28 MP: 0/15
  4684 | D:4      | Found a runed door.
  4684 | D:4      | Noticed a human
  4685 | D:4      | Found a basalt altar of Yredelemnul.
  4976 | D:4      | Reached skill level 1 in Shields
  4976 | D:4      | Reached XP level 6. HP: 32/32 MP: 9/16
  5136 | D:4      | Reached skill level 6 in Spellcasting
  5292 | D:4      | Killed a human
  5292 | D:4      | Reached skill level 5 in Conjurations
  5408 | D:5      | Entered Level 5 of the Dungeon
  5999 | D:5      | Reached XP level 7. HP: 36/36 MP: 13/18
  6927 | D:6      | Reached skill level 7 in Spellcasting
  7361 | D:6      | Noticed a kobold demonologist
  7364 | D:6      | Reached XP level 8. HP: 41/41 MP: 17/21
  7370 | D:6      | Noticed an ice devil
  7370 | D:6      | Killed a kobold demonologist
  7567 | D:6      | Found a staircase to the Ecumenical Temple.
  7576 | Temple   | Entered the Ecumenical Temple
  7680 | Temple   | Became a worshipper of Vehumet
  7757 | D:6      | Found a hide-covered altar of Uskayaw.
  7885 | D:6      | Reached skill level 8 in Spellcasting
  8024 | D:6      | Reached skill level 5 in Fire Magic
  8955 | D:7      | Reached XP level 9. HP: 45/45 MP: 8/23
  9184 | D:7      | Reached * piety under Vehumet
  9184 | D:7      | Offered knowledge of Shock by Vehumet.
  9435 | D:7      | Reached skill level 9 in Spellcasting
 10585 | D:8      | Noticed Maurice
 10791 | D:8      | Killed Maurice
 10791 | D:8      | Reached skill level 1 in Fighting
 10791 | D:8      | Reached skill level 10 in Conjurations
 11173 | D:8      | Found an ornate altar of the Wu Jian Council.
 11349 | D:8      | Found a burning altar of Makhleb.
 11715 | D:9      | Reached ** piety under Vehumet
 11715 | D:9      | Reached XP level 10. HP: 50/52 MP: 11/25
 11809 | D:9      | Offered knowledge of Freeze by Vehumet.
 11820 | D:9      | Learned a level 5 spell: Bolt of Magma
 11832 | D:9      | Noticed a two-headed ogre
 11850 | D:9      | Killed a two-headed ogre
 11850 | D:9      | Reached skill level 1 in Earth Magic
 11995 | D:9      | Noticed a two-headed ogre
 12017 | D:9      | Killed a two-headed ogre
 12017 | D:9      | Reached skill level 10 in Spellcasting
 12440 | D:9      | Noticed a two-headed ogre
 12453 | D:9      | Killed a two-headed ogre
 12453 | D:9      | Reached skill level 5 in Dodging
 12834 | D:9      | Found a staircase to the Lair.
 13216 | D:9      | Found a staircase to the Orcish Mines.
 13316 | D:9      | Offered knowledge of Ignite Poison by Vehumet.
 13417 | D:9      | Learned a level 3 spell: Ignite Poison
 13622 | D:9      | Learned a level 6 spell: Iron Shot
 13623 | D:10     | Entered Level 10 of the Dungeon
 13653 | D:10     | Noticed Sonja
 13659 | D:10     | Killed Sonja
 13659 | D:10     | Reached XP level 11. HP: 47/61 MP: 3/27
 14046 | D:10     | Noticed a two-headed ogre
 14052 | D:10     | Killed a two-headed ogre
 15832 | D:11     | Noticed a two-headed ogre
 15835 | D:11     | Killed a two-headed ogre
 15835 | D:11     | Reached skill level 5 in Fighting
 15835 | D:11     | Reached skill level 11 in Spellcasting
 16316 | D:11     | Reached *** piety under Vehumet
 17089 | D:11     | Noticed Urug
 17132 | D:11     | Killed Urug
 17452 | D:12     | Noticed Harold
 17466 | D:12     | Killed Harold
 17466 | D:12     | Reached skill level 5 in Earth Magic
 17619 | D:12     | Found a shimmering altar of Xom.
 17620 | D:12     | Found a shimmering altar of Xom.
 17620 | D:12     | Found a shimmering altar of Xom.
 17620 | D:12     | Found a shimmering altar of Xom.
 17621 | D:12     | Found a shimmering altar of Xom.
 17621 | D:12     | Found a shimmering altar of Xom.
 17622 | D:12     | Found a shimmering altar of Xom.
 17622 | D:12     | Found a shimmering altar of Xom.
 17632 | D:12     | Noticed a two-headed ogre
 17636 | D:12     | Killed a two-headed ogre
 17940 | D:12     | Found a runed door.
 18034 | D:12     | Reached XP level 12. HP: 56/71 MP: 29/29
 18187 | D:12     | Offered knowledge of Throw Icicle by Vehumet.
 18691 | D:12     | Noticed Nergalle
 19051 | D:12     | Killed Nergalle
 19233 | D:12     | Noticed a two-headed ogre
 19236 | D:12     | a two-headed ogre changed into a moth of wrath
 19238 | D:12     | Reached skill level 12 in Spellcasting
 19551 | D:13     | Noticed a centaur warrior
 19553 | D:13     | Noticed a centaur warrior
 19554 | D:13     | Killed a centaur warrior
 19554 | D:13     | Reached skill level 5 in Summonings
 19556 | D:13     | Noticed a two-headed ogre
 19696 | D:13     | Killed a two-headed ogre
 19702 | D:13     | Killed a centaur warrior
 19988 | D:13     | Reached **** piety under Vehumet
 19994 | D:13     | Offered knowledge of Olgreb's Toxic Radiance by Vehumet.
 20231 | D:13     | Got a shimmering great mace
 20809 | D:13     | Identified the +6 great mace of Bread {freeze, rC+ Dex+2} (You found it on level 13 of the Dungeon)
 20829 | D:14     | Reached XP level 13. HP: 79/79 MP: 22/31
 21096 | D:14     | Found Apyr Bed's Armour Boutique.
 21110 | D:14     | Gained mutation: You occasionally shout uncontrollably at your foes. [a neqoxec]
 21349 | D:14     | Reached skill level 13 in Spellcasting
 21440 | D:14     | Reached ***** piety under Vehumet
 21440 | D:14     | Offered knowledge of Fireball by Vehumet.
 21447 | D:14     | Learned a level 5 spell: Fireball
 21851 | D:14     | Found an opulent altar of Gozag.
 21922 | D:14     | Learned a level 7 spell: Spellforged Servitor
 21972 | D:14     | Found Zovirpha's Armour Shop.
 22135 | D:14     | Found Dusekeke's Distillery.
 22142 | D:14     | Bought a potion of brilliance for 60 gold pieces
 22142 | D:14     | Bought a potion of heal wounds for 75 gold pieces
 22142 | D:14     | Bought a potion of curing for 45 gold pieces
 22142 | D:14     | Bought a potion of heal wounds for 75 gold pieces
 22184 | D:14     | Bought a potion of ambrosia for 120 gold pieces
 22184 | D:14     | Bought a potion of haste for 150 gold pieces
 22200 | D:14     | Learned a level 1 spell: Summon Butterflies
 22210 | D:14     | Found Qankahul's Weapon Shop.
 22330 | D:14     | Found a gate to the Vaults.
 22440 | D:14     | Found Pimearij's Weapon Emporium.
 22648 | D:15     | Entered Level 15 of the Dungeon
 23190 | D:14     | Upgraded the game from 0.22-a0-396-g3f858e3 to 0.22-a0-398-g8bb545f
 23640 | D:15     | Reached skill level 10 in Fighting
 23855 | D:15     | Found a staircase to the Depths.
 24723 | Depths:1 | Entered Level 1 of the Depths
 24723 | Depths:1 | Noticed a fire dragon
 24723 | Depths:1 | Noticed a fire dragon
 24723 | Depths:1 | Noticed a fire dragon
 24725 | Depths:1 | Noticed a sphinx
 24725 | Depths:1 | Noticed a vampire knight
 24992 | D:14     | Bought a potion of resistance for 150 gold pieces
 25078 | D:15     | Learned a level 7 spell: Orb of Destruction
 25134 | Depths:1 | Reached XP level 14. HP: 51/88 MP: 30/33
 25146 | Depths:1 | Reached skill level 14 in Spellcasting
 25316 | Depths:1 | Reached skill level 10 in Fire Magic
 25318 | Depths:1 | Killed a vampire knight
 25370 | Depths:1 | Killed a sphinx
 25495 | Depths:1 | Noticed a frost giant
 25511 | Depths:1 | Killed a frost giant
 25511 | Depths:1 | Offered knowledge of Iskenderun's Mystic Blast by Vehumet.
 25533 | Depths:1 | Noticed a stone giant
 25544 | Depths:1 | Killed a stone giant
 26012 | Depths:1 | Noticed a purple very ugly thing
 26025 | Depths:1 | Noticed a purple very ugly thing
 26029 | Depths:1 | Killed a purple very ugly thing
 26087 | Depths:2 | Found Cepninir's Jewellery Shop.
 26510 | Depths:1 | Reached skill level 15 in Spellcasting
 26706 | D:15     | Killed a purple very ugly thing
 26841 | Depths:1 | Reached XP level 15. HP: 94/94 MP: 36/36
 27287 | Depths:1 | Found a gateway to Hell.
 28053 | Depths:2 | Learned a level 4 spell: Iskenderun's Mystic Blast
 28168 | Depths:2 | Noticed Asterion
 28196 | Depths:2 | Killed Asterion
 28616 | Depths:2 | Found a one-way gate to the infinite horrors of the Abyss.
 28738 | Depths:2 | Offered knowledge of Bolt of Fire by Vehumet.
 28965 | Depths:2 | Noticed iamserjio's ghost (journeyman BaWz)
 28968 | Depths:2 | Killed iamserjio's ghost
 29241 | Depths:2 | Noticed a tengu reaver
 29418 | Depths:2 | Killed a tengu reaver
 29418 | Depths:2 | Reached skill level 10 in Dodging
 29803 | Depths:2 | Noticed Saint Roka
 29890 | Depths:2 | Learned a level 6 spell: Bolt of Fire
 29994 | Depths:2 | Killed Saint Roka
 30320 | Depths:2 | Reached skill level 16 in Spellcasting
 30340 | Depths:2 | Noticed a frost giant
 30344 | Depths:2 | Killed a frost giant
 30524 | Depths:2 | Noticed a titan
 30528 | Depths:2 | Killed a titan
 30642 | Depths:2 | Noticed a titan
 30652 | Depths:2 | Killed a titan
 30652 | Depths:2 | Reached skill level 15 in Conjurations
 30652 | Depths:2 | Reached XP level 16. HP: 67/101 MP: 27/38
 31709 | Depths:3 | Noticed Mennas
 31723 | Depths:4 | Found a gateway to a ziggurat.
 31737 | Depths:4 | HP: 3/101 [fire giant/great sword of flaming (27)]
 31754 | Depths:4 | Noticed a golden dragon
 31758 | Depths:4 | Killed a golden dragon
 31782 | Depths:4 | Noticed a golden dragon
 31799 | Depths:4 | Killed a golden dragon
 31808 | Depths:4 | HP: 1/102 [balrug/demon whip (27)]
 31808 | Depths:4 | Mangled by a balrug

Vault maps used:
D:1:      lightli_arrival_flooded_house, minmay_bisected
D:2:      first_ration
D:3:      uniq_terence, uniq_crazy_yiuf_cottage
D:4:      dk_yredelemnul_ordeal
D:6:      kennysheep_windowed_halls, minmay_temple_entry_glass, basic_altar
D:8:      overflow_temple_1_default, basic_altar, blue_anna_alchemist,
          uniq_maurice
D:9:      erik_lair_island
D:10:     uniq_sonja
D:11:     uniq_urug
D:12:     minmay_st_funbox, xom_shifter_show, uniq_nergalle, uniq_harold
D:13:     lab_entry_generic
D:14:     david_vaults_4, serial_shops, shop, nicolae_shop_stone,
          nicolae_shop_trees, nicolae_shop_waterfront, nicolae_shop_trees,
          nicolae_gozag_cash_rules_everything_around_me, minmay_misc_feat_rows
D:15:     hangedman_depths_entry_try_elsewhere_first
Temple:   roderic_octagonal_lattice_temple
Depths:1: pf_hell_entry_tar_river, serial_sigils_hangedman_shear,
          evilmike_ambush, grunt_megastairs_4
Depths:2: minmay_expanding_squares, kennysheep_cross_bottleneck, hell_entry,
          serial_shops, shop, abyss_entry, uniq_asterion, uniq_saint_roka
Depths:3: cheibrodos_witchhunters_guild, grunt_pan_entry_zigzag, abyss_entry,
          grunt_hell_entry_dis_mu, minmay_misc_feat_iff, minmay_misc_feat_alley,
          uniq_mennas
Depths:4: hangedman_box_tower, enter_ziggurat_f, minmay_misc_feat_plants,
          serial_shops, shop, lightli_too_deep, abyss_entry_flame_altar,
          minmay_staircase_statues

Skill      XL: |  1  2  3  4  5  6  7  8  9 10 11 12 13 14 15 16 |
---------------+-------------------------------------------------+-----
Conjurations   | 2 3 4 5 6 8 10 11 12 13 14 15 | 15.9
Spellcasting   | 5 6 7 8 9 10 11 12 13 15 16 | 16.5
Fire Magic     | 1 2 3 4 5 6 7 9 12 13 14 | 14.3
Shields        | 1 2 3 4 |  4.0
Fighting       | 1 4 6 8 10 11 12 | 12.3
Dodging        | 3 5 6 8 10 | 10.0
Earth Magic    | 3 5 |  5.1
Summonings     | 5 |  5.5
Stealth        | |  2.4
Translocations | |  1.1

Action                   |  1- 3 |  4- 6 |  7- 9 | 10-12 | 13-15 | 16-18 || total
-------------------------+-------+-------+-------+-------+-------+-------++-------
Melee: Club              |    14 |     1 |       |       |       |       ||    15
       Dagger            |       |    10 |    37 |    34 |       |       ||    81
       Staff             |       |       |       |    27 |     8 |     2 ||    37
       Spear             |       |       |       |     6 |       |       ||     6
 Cast: Magic Dart        |   119 |   116 |   366 |   322 |    16 |       ||   939
       Conjure Flame     |       |     7 |    33 |    31 |       |       ||    71
       Mephitic Cloud    |       |     4 |    10 |    27 |     7 |       ||    48
       Call Imp          |       |     6 |       |       |       |       ||     6
       Blink             |       |     3 |       |     2 |       |       ||     5
       Bolt of Magma     |       |       |       |   117 |    64 |       ||   181
       Ignite Poison     |       |       |       |    14 |     5 |       ||    19
       Fireball          |       |       |       |       |    93 |    11 ||   104
       Iron Shot         |       |       |       |       |   111 |     6 ||   117
       Spellforged Servi |       |       |       |       |    31 |     6 ||    37
       Orb of Destructio |       |       |       |       |    17 |    26 ||    43
       Summon Butterflie |       |       |       |       |     9 |       ||     9
       Bolt of Fire      |       |       |       |       |       |     1 ||     1
Evoke: Wand              |       |       |     2 |     1 |     6 |     1 ||    10
       Phial of floods   |       |       |       |       |     2 |     1 ||     3
       Lamp of fire      |       |       |       |       |     1 |     1 ||     2
  Use: Scroll            |       |     3 |     8 |     9 |    17 |     5 ||    42
       Potion            |       |     1 |       |     2 |    14 |    11 ||    28
 Stab: Confused          |       |       |     1 |       |       |       ||     1
  Eat: Chunk             |     3 |     5 |    15 |    25 |    18 |     5 ||    71
       Ration            |       |     2 |     1 |     3 |    10 |     2 ||    18
Armor: Robe              |     2 |     4 |    16 |    22 |    20 |     2 ||    66
Dodge: Dodged            |    43 |    21 |    27 |    63 |    71 |     5 ||   230
Block: Other             |       |     3 |       |       |       |       ||     3
       Buckler           |       |     3 |    21 |    46 |    51 |     6 ||   127
       Reflection        |       |     1 |     6 |     6 |     5 |     1 ||    19

Table legend:
 A = Spawn XP
 B = Non-spawn XP
 C = Spawn XP percentage of total XP
 D = Spawn monster count
 E = Non-spawn monster count
 F = Spawn count percentage of total count
 G = Total turns spent on level
                    A         B        C        D         E        F      G
               +---------+---------+-------+---------+---------+-------+---------
         Total |       0 |  185537 |   0.0 |       0 |     583 |   0.0 | 31808
               +---------+---------+-------+---------+---------+-------+---------
           D:1 |       0 |      48 |   0.0 |       0 |      27 |   0.0 |  1334
           D:2 |       0 |      58 |   0.0 |       0 |      20 |   0.0 |   925
           D:3 |       0 |      81 |   0.0 |       0 |       5 |   0.0 |  1484
           D:4 |       0 |     299 |   0.0 |       0 |      15 |   0.0 |  1818
           D:5 |       0 |     524 |   0.0 |       0 |      22 |   0.0 |  1182
           D:6 |       0 |    1422 |   0.0 |       0 |      24 |   0.0 |  1787
           D:7 |       0 |    1792 |   0.0 |       0 |      34 |   0.0 |  1598
           D:8 |       0 |     899 |   0.0 |       0 |       8 |   0.0 |  1386
           D:9 |       0 |    5157 |   0.0 |       0 |      42 |   0.0 |  1986
          D:10 |       0 |    2786 |   0.0 |       0 |      19 |   0.0 |  1579
          D:11 |       0 |    5515 |   0.0 |       0 |      31 |   0.0 |  2255
          D:12 |       0 |    9980 |   0.0 |       0 |      38 |   0.0 |  2568
          D:13 |       0 |    7772 |   0.0 |       0 |      34 |   0.0 |  1364
          D:14 |       0 |    9945 |   0.0 |       0 |      36 |   0.0 |  2004
          D:15 |       0 |   18994 |   0.0 |       0 |      52 |   0.0 |  1977
      Depths:1 |       0 |   39668 |   0.0 |       0 |      69 |   0.0 |  2070
      Depths:2 |       0 |   52710 |   0.0 |       0 |      77 |   0.0 |  3878
      Depths:3 |       0 |   15219 |   0.0 |       0 |      19 |   0.0 |   405
      Depths:4 |       0 |   12668 |   0.0 |       0 |      11 |   0.0 |    85
               +---------+---------+-------+---------+---------+-------+---------
